Map: Romanticide LE

Players

Zest - Winner!

  • Race: Protoss Protoss
  • Spawn Location: 5:00

Dream

  • Race: Terran Terran
  • Spawn Location: 11:00

Event: IEM Katowice 2021

VOD

Have the link to the VOD?

Description

Time

  • Played on: Feb. 24, 2021, 9:20 a.m.
  • Length: 7:36

All games in this series

Show
View Real Time Build Order
Export as new Build Order

Zest Protoss - Winner!

Build Orders: 1 Gate Expand, Blink Stalkers 

Get SALT Encoding   

  12  0:00  Probe  
  13  0:12  Probe  
  14  0:17  Pylon  
  14  0:24  Probe (Chrono Boost)  
  15  0:36  Gateway, Probe (Chrono Boost)  
  16  0:44  Probe (Chrono Boost)  
  16  0:45  Assimilator  
  17  0:50  Probe  
  18  1:03  Probe  
  19  1:15  Probe  
  20  1:23  Cybernetics Core  
  20  1:31  Nexus  
  20  1:34  Probe  
  21  1:41  Pylon  
  21  1:46  Probe  
  22  1:50  Assimilator  
  22  1:57  Adept (Chrono Boost)  
  22  1:59  Probe  
  25  2:01  Warp Gate  
  25  2:11  Probe  
  26  2:23  Probe  
  26  2:24  Twilight Council  
  29  2:35  Probe  
  28  2:43  Stalker  
  28  2:44  Probe  
  31  2:47  Probe  
  31  2:50  Gateway  
  32  2:52  Blink (Chrono Boost)  
  32  2:56  Probe  
  33  3:02  Probe  
  34  3:08  Probe  
  35  3:14  Probe  
  35  3:19  Robotics Facility  
  36  3:20  Probe  
  36  3:26  Probe  
  38  3:32  Probe  
  38  3:33  Gateway x2  
  40  3:44  Probe  
  41  3:49  Pylon  
  41  3:51  Stalker x2  
  44  3:59  Pylon  
  44  4:02  Warp Prism (Chrono Boost)  
  46  4:13  Probe x2  
  46  4:15  Pylon  
  48  4:19  Stalker  
  48  4:20  Stalker  
  52  4:29  Stalker x2  
  56  4:32  Pylon  
  56  4:40  Assimilator  
  56  4:45  Probe x2  
  58  4:53  Stalker x4  
  58  4:56  Pylon  
  66  5:19  Stalker x3  
  70  5:23  Stalker  
  70  5:26  Pylon  
  70  5:28  Probe x2  
  70  5:31  Assimilator  
  72  5:36  Warp Prism (Chrono Boost)  
  70  5:49  Stalker x4  
  78  5:53  Pylon  
  78  6:17  Stalker x4  
  86  6:20  Forge  
  82  6:29  Probe x2  
  84  6:47  Sentry x2  
  84  6:48  Stalker x2  
  84  6:50  Probe x2  
  94  7:00  Nexus  
  88  7:14  Stalker x4  
  96  7:17  Pylon  
Show
View Real Time Build Order
Export as new Build Order

Dream Terran 

Build Orders:  

Get SALT Encoding   

  12  0:00  SCV  
  13  0:12  SCV  
  14  0:17  Supply Depot  
  14  0:24  SCV  
  15  0:38  SCV  
  15  0:39  Barracks  
  16  0:44  Refinery  
  16  0:50  SCV  
  17  1:02  SCV  
  18  1:14  SCV  
  19  1:26  Marine  
  19  1:27  Orbital Command  
  20  1:42  Command Center  
  20  1:45  Barracks Reactor  
  20  1:52  SCV  
  21  1:55  Supply Depot  
  21  2:04  SCV  
  22  2:16  SCV  
  22  2:21  Marine x2  
  25  2:27  Command Center  
  25  2:29  SCV  
  26  2:38  Marine  
  26  2:39  Marine  
  26  2:41  SCV  
  29  2:45  Barracks  
  29  2:53  SCV  
  29  2:58  Orbital Command  
  30  2:59  Marine  
  32  3:05  SCV  
  32  3:14  Marine  
  32  3:16  Bunker  
  32  3:17  SCV, Marine  
  35  3:24  SCV  
  36  3:29  SCV  
  36  3:32  Engineering Bay  
  36  3:33  Barracks Tech Lab  
  37  3:36  SCV  
  37  3:37  Marine  
  37  3:38  Marine  
  40  3:42  SCV, Orbital Command  
  40  3:48  SCV  
  41  3:51  Stimpack, Marine  
  41  3:54  SCV  
  43  3:56  Marine x2  
  43  3:58  Terran Infantry Weapons Level 1  
  43  4:00  SCV  
  43  4:02  Missile Turret  
  46  4:06  SCV  
  46  4:08  Factory  
  46  4:09  SCV  
  48  4:14  SCV  
  48  4:16  Missile Turret, Refinery  
  49  4:18  SCV  
  49  4:20  Marine  
  49  4:21  SCV, Marine  
  49  4:23  Marine  
  54  4:26  SCV  
  54  4:30  SCV  
  55  4:31  Barracks  
  55  4:36  SCV  
  55  4:38  SCV  
  57  4:39  Marine x2  
  57  4:41  Supply Depot, Marine  
  57  4:45  SCV, Refinery  
  61  4:49  Supply Depot  
  61  4:51  Bunker  
  61  4:55  Starport  
  61  4:56  Factory Reactor  
  61  5:03  SCV x2  
  61  5:04  Marauder, Marine x2  
  66  5:09  SCV  
  62  5:14  Bunker  
  62  5:15  SCV  
  54  5:22  SCV x2  
  54  5:24  Marine x2  
  54  5:27  Marauder  
  60  5:29  Barracks Tech Lab  
  60  5:40  SCV x2  
  60  5:42  Bunker  
  60  5:44  Marine x2  
  60  5:48  Marauder  
  61  5:51  Marauder  
  61  5:55  Medivac x2  
  67  5:58  SCV x2  
  67  6:03  Marine x2  
  64  6:06  SCV  
  64  6:09  Marauder  
  64  6:10  SCV x2  
  56  6:15  Marauder  
  57  6:18  SCV  
  57  6:22  SCV  
  57  6:25  SCV  
  60  6:26  Marine x2  
  60  6:32  SCV  
  64  6:33  Marauder  
  64  6:34  SCV  
  65  6:44  Medivac  
  65  6:45  Widow Mine, SCV x2  
  67  6:48  Marine x2  
  67  6:50  Marauder  
  67  6:52  SCV  
  74  6:54  Marauder  
  74  6:57  SCV  
  59  7:04  SCV  
  59  7:05  SCV, Marine  
  59  7:06  Marine  
  55  7:11  Marauder  
  56  7:16  SCV  

Tags
 
Add a new tag
Caveats
  • Supply blocks, unpowered buildings, or Contaminate may cause inaccurate times.
  • Supply counts are checked every 10 seconds.